 Dungeon Crawl Stone Soup version 0.24-a0-29-g43a6aff (webtiles) character file.

Game seed: 12155196666447118593

43 ohad the Changer (level 3, 0/15 HPs)
             Began as a Felid Transmuter on Feb 2, 2019.
             Slain by a leopard gecko (2 damage)
             ... on level 1 of the Dungeon.
             The game lasted 00:02:49 (1794 turns).

ohad the Changer (Felid Transmuter)                 Turns: 1794, Time: 00:02:50

Health: 0/15       AC:  1    Str:  6    XL:     3   Next: 37%
Magic:  7/7        EV: 18    Int: 15    God:
Gold:   86         SH:  0    Dex: 16    Spells: 0/6 levels left
                                        Lives:  0   Deaths: 0

rFire    . . .     SeeInvis +     - Unarmed
rCold    . . .     Gourm    .   (shield unavailable)
rNeg     . . .     Faith    .   (armour unavailable)
rPois    .         Spirit   .   (helmet unavailable)
rElec    .         Reflect  .   (cloak unavailable)
rCorr    .         Harm     .   (gloves unavailable)
MR       .....                  (boots unavailable)
Stlth    ++........             (no amulet)
HPRegen  0.05/turn              (no ring)
MPRegen  0.10/turn              (no ring)

@: appendage, quick
A: very small, no armour, no weapons or thrown items, stealth, claws 1, fangs 3,
horns 2, see invisible, carnivore, speed 1, shaggy fur 1, slow metabolism 1,
sharp paws
a: End Transformation


You were on level 1 of the Dungeon.
You were completely stuffed.
You had grown temporary horns.
You visited 1 branch of the dungeon, and saw 2 of its levels.

You collected 86 gold pieces.

Inventory:

Missiles
 a - 31 arrows
Scrolls
 b - 4 scrolls of identify {unknown}
 e - 3 scrolls of remove curse {unknown}
 h - a scroll of fog {unknown}
Potions
 d - a potion of berserk rage {unknown}
 f - a potion of agility {unknown}
 g - a potion of heal wounds {unknown}
Comestibles
 c - 10 rations


   Skills:
 - Level 1.0 Fighting
 - Level 2.6 Dodging
 - Level 3.0 Unarmed Combat
 - Level 2.0 Spellcasting
 + Level 4.2 Transmutations


You couldn't memorise any spells.
You knew the following spells:

 Your Spells              Type           Power        Failure   Level  Hunger
a - Beastly Appendage     Tmut           ##....       3%          1    #......
b - Sticks to Snakes      Tmut           ##......     6%          2    ###....
c - Spider Form           Tmut/Pois      #.........   28%         3    ###....

Your spell library contained the following spells:

 Spells                   Type           Power        Failure   Level  Hunger
 Ice Form                 Ice/Tmut       #.......     67%         4    #####..
 Blade Hands              Tmut           ##........   71%         5    ######.


Dungeon Overview and Level Annotations

Branches:
Dungeon (2/15)

Altars:


Innate Abilities, Weirdness & Mutations

You cannot wear armour.
You are incapable of wielding weapons or throwing items.
Your paws allow you to move quietly. (Stealth)
You have sharp claws.
You have razor-sharp teeth.
You have supernaturally acute eyesight. (SInv)
You are carnivorous and can eat meat at any time.
You cover ground quickly.
You are covered in fur. (AC +1)
You have a slow metabolism.
Your sharp claws are effective at attacking unaware monsters.
You have a pair of horns on your head.


Message History

The centaur zombie hits you!
Ouch! That really hurt!
The leopard gecko closely misses you. The centaur zombie hits you.
* * * LOW HITPOINT WARNING * * *
You climb upwards.
There is a stone staircase leading down here.
Unknown command.
Unknown command.
Unknown command.
You barely miss the leopard gecko. Your bite misses the leopard gecko.
The leopard gecko barely misses you.
You completely miss the leopard gecko. The leopard gecko misses you.
You scratch the leopard gecko but do no damage.
The leopard gecko misses you.
You barely miss the leopard gecko. Your headbutt misses the leopard gecko.
The leopard gecko closely misses you. The leopard gecko misses you.
You scratch the leopard gecko.
The leopard gecko is heavily wounded.
The leopard gecko bites you.
You die...

...........#.........#.#
.###.#####.#.........#.# .#
#.# #...........#.##### .#
#.## #...........#.....# .#
#..# #...####'#..#####.######
.####+####...# #.#..#
#....... .#.......#...#
#.#..# ########
.#.8.8.8.#...####.#..#
.#.......#..>..l@.#..#
.+.8.<.8.'..#######..#
##.......##.# #..#
#.8.8.8.##.# #..#
#.......##.# #..#
####+#####.# #..############
#.#####.#######..............
#...............#############
#################


You could see a leopard gecko.

Vanquished Creatures
  2 adders (D:2)
  A worm (D:2)
  A dart slug (D:1)
  A hobgoblin (D:1)
  7 bats
  4 frilled lizards
  2 goblins
  2 kobolds
  A rat (D:1)
21 creatures vanquished.

Notes
Turn   | Place    | Note
-------+----------+-------------------------------------------
     0 | D:1      | ohad the Felid Transmuter began the quest for the Orb.
     0 | D:1      | Reached XP level 1. HP: 9/9 MP: 4/4
   318 | D:1      | Reached skill level 3 in Transmutations
   318 | D:1      | Reached XP level 2. HP: 11/12 MP: 6/6
   706 | D:2      | Learned a level 2 spell: Sticks to Snakes
  1370 | D:2      | Reached skill level 4 in Transmutations
  1370 | D:2      | Reached XP level 3. HP: 12/15 MP: 5/7
  1580 | D:2      | Learned a level 3 spell: Spider Form
  1794 | D:1      | Slain by a leopard gecko

Vault maps used:
D:1:      doesnt_arrival_eight_statues, corexii_hall_statues_i
D:2:      elyvilon_altar_3, uniq_jessica

Skill      XL: |  1  2 |
---------------+-------+-----
Transmutations | 3 4 |  4.2
Fighting       | |  1.0
Dodging        | |  2.6
Unarmed Combat | |  3.0
Spellcasting   | |  2.0

Action                   || total
-------------------------++-------
Melee: Unarmed           ||    72
       Bite              ||     3
       Headbutt          ||     6
       Punch             ||     1
 Cast: Beastly Appendage ||     7
       Sticks to Snakes  ||     3
 Stab: Sleeping          ||     3
  Eat: Chunk             ||     9
Armor: Skin              ||     8
Dodge: Dodged            ||    64

Table legend:
 A = Non-vault XP
 B = Vault XP
 C = Vault XP percentage of total XP
 D = Non-vault monster count
 E = Vault monster count
 F = Vault count percentage of total count
                 A         B        C        D         E       F
            +---------+---------+-------+---------+---------+-------
      Total |      62 |       0 |   0.0 |      21 |       0 |   0.0
            +---------+---------+-------+---------+---------+-------
        D:1 |      16 |       0 |   0.0 |      10 |       0 |   0.0
        D:2 |      46 |       0 |   0.0 |      11 |       0 |   0.0
            +---------+---------+-------+---------+---------+-------
